 Dungeon Crawl Stone Soup version 0.31-a0-182-gc5ef74bbde (webtiles) character file.

Game seed: 15796013388716730390

543 qw the Chopper (level 7, -9/44 HPs)
             Began as a Gargoyle Fighter on June 20, 2023.
             Was an Initiate of Okawaru.
             Mangled by an ogre
             ... wielding a +0 giant spiked club
              (14 damage)
             ... on level 5 of the Dungeon.
             The game lasted 00:01:25 (3501 turns).

qw the Chopper (Gargoyle Fighter)                   Turns: 3501, Time: 00:01:26

Health: -9/44      AC: 20    Str: 21 (22) XL:     7   Next: 27%
Magic:  7/7        EV:  6    Int:  6 (8)  God:    Okawaru [......]
Gold:   170        SH:  4    Dex:  9      Spells: 6/6 levels left

rFire   . . .        h - +0 war axe (freeze)
rCold   . . .        c - +0 buckler
rNeg    + . .        e - +0 plate armour
rPois   inf          j - +0 helmet
rElec   +            (no cloak)
rCorr   .            n - +0 pair of gloves
SInv    .            l - +0 pair of boots
Will    .....        (no amulet) Stlth
                     (no ring)
HPRegen 0.27/turn    (no ring)
MPRegen 0.10/turn

%: no passive effects
@: no status effects
A: sickness immunity, AC +4, negative energy resistance 1, electricity
resistance, torment resistance 1, petrification resistance
a: Renounce Religion


You were on level 5 of the Dungeon.
You worshipped Okawaru.
Okawaru was noncommittal.
You visited 2 branches of the dungeon, and saw 6 of its levels.

You collected 322 gold pieces.
You spent 152 gold pieces at shops.


Innate Abilities, Weirdness & Mutations

You are immune to sickness and miasma.
Your stone body is resilient. (AC +4)
You are immune to poison.
You resist negative energy. (rN+)
You are resistant to electric shocks. (rElec)
You are resistant to unholy torment.
You are immune to petrification.


   Skills:
 - Level 4.5 Fighting
 + Level 6.0 Axes
 - Level 1.0 Throwing
 - Level 4.2 Armour
 - Level 3.2 Shields


You had 6 spell levels left.
You didn't know any spells.
Your spell library was empty.

Inventory:

Hand Weapons
 h - a +0 war axe of freezing (weapon)
 p - a +0 mace
Missiles
 f - 6 boomerangs
 o - a javelin (quivered)
Armour
 c - a +0 buckler (worn)
 e - a +0 plate armour (worn)
 j - a +0 helmet (worn)
 l - a +0 pair of boots (worn)
 n - a +0 pair of gloves (worn)
Scrolls
 i - 4 scrolls of identify
 q - a scroll of teleportation {unknown}
Potions
 a - a potion of curing
 b - a potion of experience {unknown}
 d - a potion of might
 g - a potion of mutation
 k - 3 potions of attraction
 m - a potion of resistance

Dungeon Overview and Level Annotations

Branches:
Dungeon (5/15)             Temple (1/1) D:5

Altars:
Ashenzari
Cheibriados
Dithmenos
Fedhas
Gozag
Hepliaklqana
Kikubaaqudgha
Makhleb
Okawaru
Qazlal
Ru
Sif Muna
Uskayaw
Vehumet
Wu Jian
Xom
Yredelemnul
Zin
The Shining One

Shops:
D:1 :!   D:4 *


Message History

Enter note:
Enter note:
Enter note:
Enter note: You throw a javelin.
The hound barks!
The javelin pierces through the ogre.
The ogre is lightly wounded.
You throw a javelin. The javelin pierces through the ogre!
The ogre is moderately wounded.
You throw a javelin. The javelin barely misses the ogre.
You slash the ogre! You freeze the ogre.
The ogre is severely wounded.
The ogre hits you with a +0 giant spiked club!
You hit the ogre but do no damage.
The ogre is severely wounded.
You closely miss the hound.
The hound bites you but does no damage. x2
The ogre hits you with a +0 giant spiked club!!
You barely miss the ogre.
The ogre is severely wounded.
You miss the hound.
The hound bites you but does no damage. x2
You barely miss the ogre.
The ogre is severely wounded.
You hit the hound. You freeze the hound.
The hound bites you but does no damage. The ogre barely misses you.
You block the hound's attack.
You slash the ogre! You freeze the ogre.
The ogre is almost dead.
You hit the hound but do no damage. The hound closely misses you.
The ogre hits you with a +0 giant spiked club.
The hound bites you.
You barely miss the ogre.
The ogre is almost dead.
You hit the hound. You freeze the hound.
The hound bites you but does no damage.
The ogre hits you with a +0 giant spiked club!
You die...

.....##
##........#...........#
....##
##......................
#....##
##.....######............
#..... #.......#
###.......... #...
...#####.# #..##......
#.## #. #.## #.........#
..## # #..# ..#. ....#
...# ##.## ...## #@.#
....### #hO# ......#
..... ....... ........
......# .<.........
......# ...........(
.....## .........##..
.....# #........## .(
.......


You could see an ogre and a hound.

Vanquished Creatures
  A black bear (D:4)
  2 scorpions
  A hound (D:4)
  2 orc priests (D:5)
  A sleepcap (D:5)
  A jelly (D:5)
  2 iguanas
  An orc wizard (D:5)
  3 adders
  A white imp (D:4)
  A dart slug (D:3)
  10 orcs
  7 bats
  4 endoplasms
  6 giant cockroaches
  6 hobgoblins
  8 jackals
  A kobold (D:3)
  2 quokkas (D:2)
  6 ball pythons
  2 frilled lizards
  5 goblins
  5 rats
  A spectral orc (D:4)
79 creatures vanquished.

Notes
Turn   | Place    | Note
-------+----------+-------------------------------------------
     0 | D:1      | qw the Gargoyle Fighter began the quest for the Orb.
     0 | D:1      | Reached XP level 1. HP: 14/14 MP: 1/1
     0 | D:1      | 0 ||| qw: Version: 0.3-a-9-g12657ce
     0 | D:1      | 0 ||| qw: Game counter: 1464
     0 | D:1      | 0 ||| qw: Always use a shield: true
     0 | D:1      | 0 ||| qw: God list: Okawaru
     0 | D:1      | 0 ||| qw: Allow faded altars: false
     0 | D:1      | 0 ||| qw: Do Orc after D:15 true
     0 | D:1      | 0 ||| qw: Do second Lair branch before Depths: true
     0 | D:1      | 0 ||| qw: Lair rune preference: random
     0 | D:1      | 0 ||| qw: Plans: Normal, Zot:1-4, Slime:5, God:TSO, Crypt,
                  | Tomb, Abyss, Pan, Hells, Win
     0 | D:1      | 0 ||| PLANNING D:1-11
    41 | D:1      | Found Tigeud's Vocational Training.
   129 | D:1      | Reached skill level 2 in Axes
   226 | D:1      | Found a faded altar of an unknown god.
   262 | D:1      | 262 ||| Stepping ~*~*~tactically~*~*~ (stealth).
   264 | D:1      | 264 ||| Stepping ~*~*~tactically~*~*~ (stealth).
   265 | D:1      | 265 ||| Stepping ~*~*~tactically~*~*~ (stealth).
   271 | D:1      | Reached XP level 2. HP: 19/19 MP: 2/2
   338 | D:1      | Found Hodghuumi's Distillery.
   347 | D:1      | 347 ||| SHOPLISTING 2 potions of mutation (192 gold, have
                  | 41).
   347 | D:1      | 347 ||| BUYING potion of attraction (36 gold).
   347 | D:1      | Bought a potion of attraction for 36 gold pieces
   347 | D:1      | 347 ||| SHOPLISTING potion of cancellation (96 gold, have
                  | 5).
   347 | D:1      | 347 ||| SHOPLISTING potion of haste (120 gold, have 5).
   347 | D:1      | 347 ||| SHOPLISTING potion of lignification (36 gold, have
                  | 5).
   347 | D:1      | 347 ||| SHOPLISTING potion of resistance (120 gold, have
                  | 5).
   454 | D:1      | 454 ||| DROPPING +0 club.
   597 | D:1      | 597 ||| UPGRADING to +0 plate armour.
   607 | D:1      | 607 ||| DROPPING +0 scale mail.
   608 | D:1      | 608 ||| UPGRADING to +0 pair of gloves.
   613 | D:1      | 613 ||| DROPPING ring of magical power.
   614 | D:1      | 614 ||| READING scroll labelled YPROLA IBICZOI.
   615 | D:1      | 615 ||| READING scroll labelled ECIS EJUSAM.
   616 | D:1      | 616 ||| READING scroll labelled NARYVY NOALUE.
   669 | D:2      | 669 ||| Stepping ~*~*~tactically~*~*~ (stealth).
   673 | D:2      | 673 ||| Stepping ~*~*~tactically~*~*~ (stealth).
   680 | D:2      | Reached skill level 3 in Axes
   682 | D:2      | Reached XP level 3. HP: 17/23 MP: 3/3
  1127 | D:2      | 1127 ||| Stepping ~*~*~tactically~*~*~ (stealth).
  1273 | D:2      | 1273 ||| UPGRADING to +0 pair of boots.
  1278 | D:2      | 1278 ||| READING scroll labelled IMMECA IS ZAN.
  1279 | D:2      | 1279 ||| READING scroll labelled QISTACU IPPOLUWY.
  1280 | D:2      | 1280 ||| READING 3 scrolls labelled POAD UZXANTU.
  1281 | D:2      | 1281 ||| READING scroll labelled FUUTZEQ SIFE.
  1282 | D:2      | 1282 ||| DROPPING 2 scrolls of amnesia.
  1538 | D:3      | Reached XP level 4. HP: 28/28 MP: 4/4
  1541 | D:3      | Reached skill level 1 in Throwing
  1556 | D:3      | 1556 ||| Stepping ~*~*~tactically~*~*~ (hiding).
  1660 | D:3      | Found a glowing silver altar of Zin.
  1968 | D:3      | 1968 ||| READING scroll labelled PANOETWOVEM.
  1969 | D:3      | 1969 ||| READING scroll labelled ZIFAW AGHIL.
  1970 | D:3      | 1970 ||| DRINKING 2 smoky purple potions.
  1991 | D:4      | 1991 ||| STAIRDANCE
  1994 | D:3      | Reached skill level 4 in Axes
  2044 | D:4      | Found Votorch's General Store.
  2048 | D:4      | 2048 ||| BUYING +0 war axe of freezing (116 gold).
  2048 | D:4      | Bought a +0 war axe of freezing for 116 gold pieces
  2048 | D:4      | 2048 ||| SHOPLISTING +6 ring of strength (504 gold, have
                  | 21).
  2048 | D:4      | 2048 ||| SHOPLISTING scroll of enchant weapon (105 gold,
                  | have 21).
  2048 | D:4      | 2048 ||| SWAPPING to +0 war axe of freezing.
  2049 | D:4      | 2049 ||| DROPPING +0 war axe.
  2059 | D:4      | Reached XP level 5. HP: 31/32 MP: 5/5
  2186 | D:4      | Reached skill level 5 in Axes
  2369 | D:4      | Found a basalt altar of Yredelemnul.
  2547 | D:4      | Noticed a black bear
  2551 | D:4      | Killed a black bear
  2552 | D:4      | Reached XP level 6. HP: 39/39 MP: 6/6
  2639 | D:4      | 2639 ||| DRINKING 3 sapphire potions.
  2640 | D:4      | 2640 ||| DRINKING 2 purple potions.
  2641 | D:4      | 2641 ||| READING 3 scrolls of identify.
  2641 | D:4      | 2641 ||| IDENTIFYING puce potion
  2642 | D:4      | 2642 ||| DROPPING 2 potions of degeneration.
  2643 | D:4      | 2643 ||| DROPPING potion of brilliance.
  2657 | D:5      | Entered Level 5 of the Dungeon
  2808 | D:5      | 2808 ||| Stepping ~*~*~tactically~*~*~ (stealth).
  2868 | D:5      | 2868 ||| Stepping ~*~*~tactically~*~*~ (hiding).
  2871 | D:5      | 2871 ||| Stepping ~*~*~tactically~*~*~ (hiding).
  3035 | D:5      | Reached skill level 6 in Axes
  3035 | D:5      | Reached XP level 7. HP: 41/44 MP: 7/7
  3049 | D:5      | Found a staircase to the Ecumenical Temple.
  3050 | D:5      | 3050 ||| PLANNING TEMPLE
  3050 | D:5      | 3050 ||| UPGRADING to +0 helmet.
  3064 | Temple   | Entered the Ecumenical Temple
  3121 | Temple   | 3121 ||| PLANNING OKAWARU WORSHIP
  3265 | Temple   | Became a worshipper of Warmaster Okawaru
  3266 | Temple   | 3266 ||| PLANNING D:1-11
  3463 | D:5      | 3463 ||| Stepping ~*~*~tactically~*~*~ (stealth).
  3464 | D:5      | 3464 ||| Stepping ~*~*~tactically~*~*~ (stealth).
  3497 | D:5      | HP: 10/44 [ogre/+0 giant spiked club (19)]
  3500 | D:5      | HP: 4/44 [hound (5)]
  3501 | D:5      | Mangled by an ogre

Levels and vault maps discovered:
D:1:      dpeg_arrival_lava_temple_mockup, layout_basic,
          ebering_ecumenical_altar_rust, serial_shops, nicolae_shop_peninsula,
          nicolae_shop_vocational
D:2:      layout_rooms, minmay_fractal_squares_gapless_5
D:3:      layout_basic, zin_academy, minmay_randomly_rotated_circles
D:4:      layout_loops_cross, yredelemnul_forgotten_temple_becter, serial_shops,
          shop
D:5:      layout_layer_cave, temple_hall
Temple:   nicolae_temple_bog_church

Skill      XL: |  1  2  3  4  5  6  7 |
---------------+----------------------+-----
Axes           | 2 3 4 5 6 |  6.0
Throwing       | 1 |  1.0
Fighting       | 4 |  4.5
Armour         | 4 |  4.2
Shields        | |  3.2

Action                     |  1- 3 |  4- 6 |  7- 9 || total
---------------------------+-------+-------+-------++-------
  Melee: War axe           |    82 |    65 |    18 ||   165
  Throw: Boomerang         |    73 |       |       ||    73
         Javelin           |     2 |    20 |    11 ||    33
    Use: Scroll            |     7 |     3 |       ||    10
         Potion            |       |     3 |       ||     3
 Armour: Scale mail        |    12 |       |       ||    12
         Plate armour      |    71 |    52 |    13 ||   136
  Dodge: Dodged            |    22 |    25 |     6 ||    53
  Block: Buckler           |    22 |    17 |     2 ||    41

Table legend:
 A = Non-vault XP
 B = Vault XP
 C = Vault XP percentage of total XP
 D = Non-vault monster count
 E = Vault monster count
 F = Vault count percentage of total count
                 A         B        C        D         E       F
            +---------+---------+-------+---------+---------+-------
      Total |     739 |      38 |   4.9 |      69 |      10 |  12.7
            +---------+---------+-------+---------+---------+-------
        D:1 |      22 |       0 |   0.0 |      13 |       0 |   0.0
        D:2 |      47 |       3 |   6.0 |      23 |       3 |  11.5
        D:3 |      49 |      34 |  41.0 |       6 |       6 |  50.0
        D:4 |     276 |       1 |   0.4 |       9 |       1 |  10.0
        D:5 |     345 |       0 |   0.0 |      18 |       0 |   0.0
            +---------+---------+-------+---------+---------+-------
